 Dungeon Crawl Stone Soup version 0.31-a0-232-gb1c03b2570 (webtiles) character file.

Game seed: 7438143914157911595

16854 qw the Marksminotaur (level 12, 0/106 HPs)
             Began as a Minotaur Hexslinger on July 7, 2023.
             Was an Elder of Okawaru.
             Succumbed to a cane toad's poison
             ... on level 1 of the Lair of Beasts.
             The game lasted 00:04:12 (12116 turns).

qw the Marksminotaur (Minotaur Hexslinger)         Turns: 12116, Time: 00:04:13

Health: 0/106      AC: 11    Str: 10    XL:     12   Next: 13%
Magic:  13/15      EV: 20    Int: 14    God:    Okawaru [****..]
Gold:   319        SH:  0    Dex: 19    Spells: 12/13 levels left

rFire   + + .        c - +5 arbalest "Ykhyss" {heavy, Int+4}
rCold   + . .        (shield currently unavailable)
rNeg    . . .        n - +0 troll leather armour
rPois   .            (helmet restricted)
rElec   .            j - scarf {rC+ rF+}
rCorr   .            p - +0 pair of gloves
SInv    +            m - +2 pair of boots
Will    .....        (no amulet)
Stlth   +++          g - ring of see invisible
HPRegen 1.17/turn    (no ring)
MPRegen 0.14/turn

%: no passive effects
@: lethally poisoned (0 -> -1), heroic
A: horns 2, retaliatory headbutt, fire resistance 1, weak 1
a: Renounce Religion, Heroism, Finesse


You were on level 1 of the Lair of Beasts.
You worshipped Okawaru.
Okawaru was greatly pleased with you.
You visited 3 branches of the dungeon, and saw 14 of its levels.
You also visited: Sewer and Ossuary.

You collected 711 gold pieces.
You spent 392 gold pieces at shops.


Innate Abilities, Weirdness & Mutations

You have a pair of horns on your head.
You reflexively headbutt those who attack you in melee.
Your flesh is heat resistant. (rF+)
You are weak. (Str -2)


   Skills:
 + Level 10.0(15.0) Fighting
 - Level 16.0(21.0) Ranged Weapons
 - Level 6.1(11.1) Armour
 - Level 8.1(13.1) Dodging
 - Level 1.0 Spellcasting
 - Level 2.0 Hexes
 + Level 6.1 Invocations


You had 12 spell levels left.
You knew the following spells:

 Your Spells              Type           Power      Damage    Failure   Level
a - Slow                  Hex            24%        N/A       14%         1

Your spell library contained the following spells:

 Spells                   Type           Power      Damage    Failure   Level
 Inner Flame              Hex/Fire       3%         N/A       54%         3
 Portal Projectile        Hex/Tloc       6%         N/A       54%         3
 Cause Fear               Hex            3%         N/A       82%         4

Inventory:

Hand Weapons
 c - the +5 arbalest "Ykhyss" (weapon) {heavy, Int+4}
   (You acquired it in an ossuary)

   Int:       It affects your intelligence (+4).
Armour
 h - a +0 cloak
 j - a scarf of resistance (worn)
 m - a +2 pair of boots (worn)
 n - a +0 troll leather armour (worn)
 p - a +0 pair of gloves (worn)
 s - a +1 ring mail of fire resistance
Jewellery
 g - a ring of see invisible (left hand)
 k - a ring of fire
 o - a ring of fire
Scrolls
 a - 15 scrolls of identify
 d - 2 scrolls of teleportation
Potions
 b - 2 potions of mutation
 e - 6 potions of curing
 f - a potion of might
 i - 3 potions of haste
 l - a potion of enlightenment
 r - a potion of resistance

Dungeon Overview and Level Annotations

Branches:
Dungeon (12/15)            Temple (1/1) D:7            Lair (1/5) D:11
    Orc (0/2) D:10          Sewer (visited)         Ossuary (visited)

Altars:
Ashenzari
Cheibriados
Dithmenos
Elyvilon
Fedhas
Gozag
Hepliaklqana
Kikubaaqudgha
Makhleb
Nemelex Xobeh
Okawaru
Qazlal
Ru
Sif Muna
Trog
Uskayaw
Vehumet
Wu Jian
Xom
Yredelemnul
Zin
The Shining One

Shops:
D:8 !   D:11 :


Message History

The elephant is almost dead.
The cane toad stings you!! The elephant tramples you.
You hold your ground!
The elephant trunk-slaps you but does no damage.
The cane toad stings you!!
The elephant tramples the plant!
The plant begins to die.
The elephant trunk-slaps the plant.
The cane toad stings you!
You are poisoned.
The cane toad poisons you!
12113 ||| INVOKING Heroism.
You gain the combat prowess of a mighty hero.
You feel very sick.
The elephant misses you. x2; The elephant closely misses you.
The elephant completely misses you.
The elephant tramples the plant.
The elephant trunk-slaps the plant.
The elephant tramples you!
You hold your ground!
The elephant trunk-slaps you. The cane toad stings you!
12114 ||| READING 3 scrolls of teleportation.
As you read the scroll of teleportation, it crumbles to dust.
You feel strangely unstable.
You feel very sick. The cane toad barely misses you.
The elephant completely misses you. x2
The elephant closely misses you. The elephant barely misses you.
The elephant completely misses you. The elephant barely misses you.
The elephant tramples the plant.
The elephant trunk-slaps the plant.
You shoot a bolt. The bolt hits the elephant!!
You kill the elephant!
Okawaru accepts your kill.
You feel very sick. The cane toad completely misses you.
You furiously retaliate!
You headbutt the cane toad! The elephant misses you. x2
The elephant closely misses you. You furiously retaliate!
You headbutt the elephant! The elephant barely misses you.
The cane toad closely misses you.
Your base Dodging skill increases to level 8!
Your Invocations skill increases to level 6!
You shoot a bolt. The bolt hits the cane toad!!
You kill the cane toad!
Okawaru accepts your kill.
Your surroundings suddenly seem different.
A water moccasin comes into view.
You die...

#..#.### ..
....... .. .
.....# #. .#
#....... ...
##....#. ....
#...... .....
#....#......
#...@.......
#............
#.....#......
#.P...........
........#
###.#
...S..... .
.........
.........


You could see a water moccasin (asleep).

Vanquished Creatures
  2 boulder beetles (D:12)
  Erica (D:9)
  2 manticores (D:12)
  A cyclops (D:8)
  An elephant (Lair:1)
  A cane toad (Lair:1)
  2 gargoyles
  A kobold demonologist (D:12)
  An unseen horror (D:10)
  2 komodo dragons
  4 trolls
  Sigmund (D:2)
  A wraith (Ossuary)
  2 water elementals (D:12)
  2 wyverns
  28 yaks
  A steam dragon (D:8)
  11 vampire mosquitoes
  2 acid dragons
  2 water moccasins
  4 orc warriors
  3 sky beasts
  An ice beast (D:7)
  2 black bears (D:6)
  6 ogres
  A phantom (D:6)
  3 centaurs
  7 kobold brigands
  3 bullfrogs
  2 gnoll sergeants (D:10)
  2 scorpions (D:5)
  7 wights
  4 killer bees (D:10)
  A hound (D:5)
  2 jellies (D:7)
  6 orc priests
  12 iguanas
  A sleepcap (D:7)
  9 orc wizards
  3 mummies (Ossuary)
  7 adders
  7 gnolls
  3 river rats
  3 white imps
  4 ufetubi
  4 worms
  3 dart slugs
  23 orcs
  9 endoplasms
  A giant cockroach (D:1)
  10 goblins
  8 hobgoblins
  A jackal (D:5)
  2 quokkas
  14 ball pythons
  3 bats
  7 frilled lizards
  3 goblin zombies (Ossuary)
  2 hobgoblin zombies (Ossuary)
  39 kobolds
  A kobold zombie (Ossuary)
  13 rats
314 creatures vanquished.

Notes
Turn   | Place    | Note
-------+----------+-------------------------------------------
     0 | D:1      | qw the Minotaur Hexslinger began the quest for the Orb.
     0 | D:1      | Reached XP level 1. HP: 16/16 MP: 1/1
     0 | D:1      | 0 ||| qw: Version: 0.3-a-46-gb1f654a
     0 | D:1      | 0 ||| qw: Game counter: 2433
     0 | D:1      | 0 ||| qw: Melee chars always use a shield: true
     0 | D:1      | 0 ||| qw: God list: Okawaru
     0 | D:1      | 0 ||| qw: Allow faded altars: false
     0 | D:1      | 0 ||| qw: Do Orc after clearing Dungeon:15 true
     0 | D:1      | 0 ||| qw: Do second Lair branch before Depths: true
     0 | D:1      | 0 ||| qw: Lair rune preference: random
     0 | D:1      | 0 ||| qw: Goals: Normal
     0 | D:1      | 0 ||| PLANNING D:1-11
   147 | D:1      | Found a faded altar of an unknown god.
   199 | D:1      | Reached skill level 3 in Ranged Weapons
   218 | D:1      | Reached XP level 2. HP: 23/23 MP: 2/2
   605 | D:1      | Reached XP level 3. HP: 29/29 MP: 3/3
   658 | D:1      | 658 ||| UPGRADING to +0 leather armour.
   668 | D:1      | 668 ||| DROPPING +0 robe.
   669 | D:1      | 669 ||| READING 2 scrolls labelled EHOFAO DOSHEG.
   670 | D:1      | 670 ||| READING scroll labelled BYNYMPOITUKK.
   671 | D:1      | 671 ||| READING scroll labelled JEEKHL DIUNUUKY.
   672 | D:1      | 672 ||| READING scroll labelled FYMUSEACO.
   676 | D:1      | 676 ||| DROPPING scroll of poison.
   706 | D:2      | 706 ||| STAIRDANCE
  1009 | D:2      | Noticed Sigmund
  1021 | D:2      | 1021 ||| DRINKING 2 fizzy brown potions.
  1021 | D:2      | Gained mutation: Your flesh is heat resistant. (rF+)
                  | [potion of mutation]
  1021 | D:2      | Gained mutation: You are weak. (Str -2) [potion of
                  | mutation]
  1033 | D:2      | Killed Sigmund
  1034 | D:2      | Reached skill level 6 in Ranged Weapons
  1034 | D:2      | Reached XP level 4. HP: 11/36 MP: 4/4
  1034 | D:2      | Reached XP level 5. HP: 12/41 MP: 5/5
  1046 | D:2      | 1046 ||| FLEEEEING.
  1047 | D:2      | 1047 ||| FLEEEEING.
  1080 | D:2      | 1080 ||| FLEEEEING.
  1081 | D:2      | 1081 ||| FLEEEEING.
  1082 | D:2      | 1082 ||| FLEEEEING.
  1083 | D:2      | 1083 ||| FLEEEEING.
  1085 | D:2      | 1085 ||| FLEEEEING.
  1086 | D:2      | 1086 ||| FLEEEEING.
  1087 | D:2      | 1087 ||| FLEEEEING.
  1088 | D:2      | 1088 ||| FLEEEEING.
  1089 | D:2      | 1089 ||| FLEEEEING.
  1095 | D:2      | 1095 ||| FLEEEEING.
  1105 | D:2      | 1105 ||| STAIRDANCE
  1154 | D:1      | 1154 ||| READING 2 scrolls of identify.
  1154 | D:1      | 1154 ||| IDENTIFYING coppery potion
  1174 | D:2      | 1174 ||| READING scroll of enchant weapon.
  1174 | D:2      | 1174 ||| ENCHANTING +2 sling.
  1563 | D:2      | 1563 ||| DRINKING 3 bubbling purple potions.
  1578 | D:3      | 1578 ||| PLANNING SEWER
  1620 | D:3      | Found a glowing drain.
  1626 | D:3      | Reached skill level 3 in Fighting
  1634 | Sewer    | Entered a sewer
  1637 | Sewer    | 1637 ||| Stepping ~*~*~tactically~*~*~ (water).
  1807 | Sewer    | Reached XP level 6. HP: 51/51 MP: 6/6
  1966 | Sewer    | 1966 ||| Stepping ~*~*~tactically~*~*~ (water).
  1988 | Sewer    | 1988 ||| DRINKING 3 fuming sapphire potions.
  2021 | Sewer    | 2021 ||| DRINKING 2 brown potions.
  2022 | Sewer    | 2022 ||| READING 5 scrolls of identify.
  2022 | Sewer    | 2022 ||| IDENTIFYING black potion
  2023 | Sewer    | 2023 ||| READING 4 scrolls of identify.
  2023 | Sewer    | 2023 ||| IDENTIFYING murky blue potion
  2024 | Sewer    | 2024 ||| READING 3 scrolls of identify.
  2024 | Sewer    | 2024 ||| IDENTIFYING yellow potion
  2025 | Sewer    | 2025 ||| DROPPING 2 potions of lignification.
  2026 | Sewer    | 2026 ||| DROPPING potion of attraction.
  2027 | Sewer    | 2027 ||| DROPPING potion of degeneration.
  2064 | D:3      | 2064 ||| PLANNING D:1-11
  2684 | D:3      | Found a radiant altar of Vehumet.
  2691 | D:3      | Found a sacrificial altar of Ru.
  2696 | D:3      | Found a hide-covered altar of Uskayaw.
  2697 | D:3      | Found a shadowy altar of Dithmenos.
  2698 | D:3      | Found a sparkling altar of Nemelex Xobeh.
  2912 | D:3      | 2912 ||| READING scroll labelled PUATTIROUG.
  2913 | D:3      | 2913 ||| READING scroll labelled TIGACZ NOTS.
  2949 | D:4      | 2949 ||| PLANNING OSSUARY
  2954 | D:4      | 2954 ||| FLEEEEING.
  2981 | D:4      | 2981 ||| Stepping ~*~*~tactically~*~*~ (outnumbered).
  2995 | D:4      | HP: 10/52 [gnoll/+0 spear (4)]
  2995 | D:4      | HP: 1/52 [gnoll/+0 flail (9)]
  2996 | D:4      | 2996 ||| READING 2 scrolls of teleportation.
  2997 | D:4      | 2997 ||| DRINKING 2 potions of heal wounds.
  2999 | D:4      | 2999 ||| DRINKING potion of heal wounds.
  3230 | D:4      | 3230 ||| READING scroll of enchant weapon.
  3230 | D:4      | 3230 ||| ENCHANTING +3 sling.
  3296 | D:4      | Found a sand-covered staircase.
  3297 | D:4      | 3297 ||| UPGRADING to +0 cloak.
  3302 | D:4      | 3302 ||| READING scroll labelled TAFEIVIESM.
  3303 | D:4      | 3303 ||| READING 3 scrolls of identify.
  3303 | D:4      | 3303 ||| IDENTIFYING sapphire potion
  3304 | D:4      | 3304 ||| DROPPING potion of ambrosia.
  3314 | Ossuary  | Entered an ossuary
  3314 | Ossuary  | Noticed a wraith
  3314 | Ossuary  | Noticed a wraith
  3314 | Ossuary  | Noticed a wraith
  3434 | Ossuary  | 3434 ||| READING scroll of enchant weapon.
  3434 | Ossuary  | 3434 ||| ENCHANTING +4 sling.
  3497 | Ossuary  | Noticed a wraith
  3507 | Ossuary  | Killed a wraith
  3508 | Ossuary  | Reached skill level 3 in Armour
  3508 | Ossuary  | Reached XP level 7. HP: 37/59 MP: 7/7
  3667 | Ossuary  | Reached skill level 7 in Ranged Weapons
  3773 | Ossuary  | 3773 ||| READING scroll labelled XICHAL LEOBUF.
  3773 | Ossuary  | Identified a scroll of acquirement
  3773 | Ossuary  | 3773 ||| ACQUIRING +5 arbalest "Ykhyss" {heavy, Int+4}
  3773 | Ossuary  | Acquired the +5 arbalest "Ykhyss" {heavy, Int+4}
  3775 | Ossuary  | 3775 ||| SWAPPING to +5 arbalest "Ykhyss" {heavy, Int+4}.
  3776 | Ossuary  | 3776 ||| DROPPING +5 sling.
  3777 | Ossuary  | 3777 ||| READING scroll labelled IZOAKHL PEHA.
  3778 | Ossuary  | 3778 ||| READING scroll labelled OZU WADGHUOSIA.
  3779 | Ossuary  | 3779 ||| READING scroll labelled WUSTRU MADDOISU.
  3796 | D:4      | 3796 ||| PLANNING D:1-11
  4212 | D:4      | 4212 ||| READING 5 scrolls of identify.
  4212 | D:4      | 4212 ||| IDENTIFYING metallic silvery potion
  4213 | D:4      | 4213 ||| DROPPING potion of invisibility.
  4238 | D:5      | Entered Level 5 of the Dungeon
  4241 | D:5      | 4241 ||| STAIRDANCE
  4243 | D:5      | 4243 ||| STAIRDANCE
  4245 | D:4      | 4245 ||| DRINKING 3 potions of curing.
  4245 | D:4      | 4245 ||| (to cure confusion)
  4259 | D:5      | 4259 ||| STAIRDANCE
  4324 | D:5      | Reached skill level 8 in Ranged Weapons
  4598 | D:5      | 4598 ||| FLEEEEING.
  4599 | D:5      | 4599 ||| FLEEEEING.
  4600 | D:5      | 4600 ||| FLEEEEING.
  4784 | D:5      | Reached skill level 3 in Dodging
  4784 | D:5      | Reached XP level 8. HP: 68/68 MP: 8/8
  4887 | D:5      | Reached skill level 9 in Ranged Weapons
  4958 | D:5      | 4958 ||| UPGRADING to +0 ring mail.
  4968 | D:5      | 4968 ||| DROPPING +0 leather armour.
  4969 | D:5      | 4969 ||| DROPPING ring of wizardry.
  4970 | D:5      | 4970 ||| READING 6 scrolls of identify.
  4970 | D:5      | 4970 ||| IDENTIFYING orange potion
  5124 | D:6      | Found a broken altar of Ashenzari.
  5198 | D:6      | Reached skill level 6 in Fighting
  5203 | D:6      | 5203 ||| FLEEEEING.
  5208 | D:6      | 5208 ||| STAIRDANCE
  5234 | D:6      | 5234 ||| STAIRDANCE
  5627 | D:6      | Reached skill level 10 in Ranged Weapons
  5800 | D:6      | Found a basalt altar of Yredelemnul.
  5977 | D:6      | 5977 ||| UPGRADING to ring of see invisible.
  6027 | D:7      | 6027 ||| Stepping ~*~*~tactically~*~*~ (outnumbered).
  6029 | D:7      | 6029 ||| Stepping ~*~*~tactically~*~*~ (outnumbered).
  6034 | D:7      | Reached XP level 9. HP: 63/79 MP: 9/9
  6328 | D:7      | Found a shimmering blue altar of Sif Muna.
  6352 | D:7      | Reached skill level 11 in Ranged Weapons
  6430 | D:7      | Found a staircase to the Ecumenical Temple.
  6431 | D:7      | 6431 ||| PLANNING TEMPLE
  6435 | D:7      | 6435 ||| Stepping ~*~*~tactically~*~*~ (outnumbered).
  6487 | Temple   | Entered the Ecumenical Temple
  6554 | Temple   | 6554 ||| PLANNING OKAWARU WORSHIP
  6714 | Temple   | Became a worshipper of Warmaster Okawaru
  6715 | Temple   | 6715 ||| PLANNING D:1-11
  7202 | D:8      | Reached skill level 12 in Ranged Weapons
  7211 | D:8      | Reached * piety under Okawaru
  7212 | D:8      | 7212 ||| INVOKING Heroism.
  7214 | D:8      | Reached skill level 1 in Invocations
  7462 | D:8      | Found Seacag's Distillery.
  7470 | D:8      | 7470 ||| BUYING potion of curing (42 gold).
  7470 | D:8      | Bought a potion of curing for 42 gold pieces
  7470 | D:8      | 7470 ||| BUYING potion of haste (140 gold).
  7470 | D:8      | Bought a potion of haste for 140 gold pieces
  7470 | D:8      | 7470 ||| BUYING potion of haste (140 gold).
  7470 | D:8      | Bought a potion of haste for 140 gold pieces
  7470 | D:8      | 7470 ||| BUYING potion of heal wounds (70 gold).
  7470 | D:8      | Bought a potion of heal wounds for 70 gold pieces
  7470 | D:8      | 7470 ||| SHOPLISTING potion of mutation (112 gold, have
                  | 42).
  7747 | D:8      | Noticed a cyclops
  7748 | D:8      | 7748 ||| INVOKING Heroism.
  7749 | D:8      | Killed a cyclops
  7750 | D:8      | Reached skill level 3 in Invocations
  7750 | D:8      | Reached XP level 10. HP: 53/89 MP: 8/11
  7953 | D:8      | 7953 ||| INVOKING Heroism.
  8160 | D:8      | 8160 ||| UPGRADING to +0 pair of gloves.
  8165 | D:8      | 8165 ||| UPGRADING to +0 acid dragon scales.
  8175 | D:8      | 8175 ||| DROPPING +0 ring mail.
  8176 | D:8      | 8176 ||| READING scroll labelled RIRIOTS GYNG.
  8202 | D:9      | 8202 ||| STAIRDANCE
  8345 | D:9      | 8345 ||| INVOKING Heroism.
  8463 | D:9      | 8463 ||| Stepping ~*~*~tactically~*~*~ (outnumbered).
  8467 | D:9      | Reached ** piety under Okawaru
  8467 | D:9      | Noticed Erica
  8468 | D:9      | 8468 ||| INVOKING Heroism.
  8471 | D:9      | Killed Erica
  8472 | D:9      | Reached skill level 13 in Ranged Weapons
  8477 | D:9      | 8477 ||| FLEEEEING.
  8478 | D:9      | 8478 ||| FLEEEEING.
  8479 | D:9      | 8479 ||| FLEEEEING.
  8480 | D:9      | 8480 ||| FLEEEEING.
  8481 | D:9      | 8481 ||| FLEEEEING.
  8482 | D:9      | 8482 ||| FLEEEEING.
  8535 | D:9      | 8535 ||| FLEEEEING.
  8539 | D:9      | 8539 ||| FLEEEEING.
  9266 | D:9      | 9266 ||| UPGRADING to +2 pair of boots.
  9295 | D:10     | Entered Level 10 of the Dungeon
  9404 | D:10     | Found an ancient bone altar of Kikubaaqudgha.
  9477 | D:10     | Reached skill level 9 in Fighting
  9545 | D:10     | 9545 ||| INVOKING Heroism.
  9549 | D:10     | Reached skill level 6 in Dodging
  9673 | D:10     | Noticed a gargoyle
  9680 | D:10     | Reached *** piety under Okawaru
  9683 | D:10     | Reached XP level 11. HP: 97/97 MP: 13/13
  9685 | D:10     | Reached skill level 14 in Ranged Weapons
  9904 | D:10     | Reached skill level 6 in Armour
  9941 | D:10     | Found a staircase to the Orcish Mines.
  9942 | D:10     | 9942 ||| INVOKING Heroism.
  9953 | D:10     | 9953 ||| INVOKING Heroism.
  9955 | D:10     | HP: 15/99 [orc warrior/+1 halberd of protection (10)]
  9956 | D:10     | 9956 ||| READING 5 scrolls of teleportation.
  9956 | D:10     | HP: 5/99 [gnoll sergeant/+0 spear (4)]
  9957 | D:10     | 9957 ||| DRINKING 5 potions of heal wounds.
  9958 | D:10     | 9958 ||| Stepping ~*~*~tactically~*~*~ (outnumbered).
  9958 | D:10     | HP: 1/99 [orc warrior/+1 halberd of protection (6)]
  9959 | D:10     | 9959 ||| DRINKING 4 potions of heal wounds.
  9960 | D:10     | 9960 ||| DRINKING 3 potions of heal wounds.
 10151 | D:10     | 10151 ||| INVOKING Heroism.
 10183 | D:10     | 10183 ||| INVOKING Heroism.
 10193 | D:10     | 10193 ||| INVOKING Heroism.
 10317 | D:10     | 10317 ||| UPGRADING to +0 troll leather armour.
 10327 | D:10     | 10327 ||| DROPPING +0 acid dragon scales.
 10429 | D:11     | Found Xiompa's Book Boutique.
 10435 | D:11     | 10435 ||| INVOKING Heroism.
 10626 | D:11     | 10626 ||| INVOKING Heroism.
 10704 | D:11     | Reached skill level 15 in Ranged Weapons
 10790 | D:11     | 10790 ||| INVOKING Heroism.
 10828 | D:11     | Reached **** piety under Okawaru
 11025 | D:11     | Received a gift from Okawaru
 11080 | D:11     | Found a staircase to the Lair.
 11105 | D:11     | 11105 ||| INVOKING Heroism.
 11420 | D:11     | 11420 ||| READING scroll labelled ASOSELAPRU.
 11548 | D:12     | Noticed a boulder beetle
 11548 | D:12     | Noticed a boulder beetle
 11549 | D:12     | 11549 ||| INVOKING Heroism.
 11556 | D:12     | HP: 19/99 [manticore (7)]
 11557 | D:12     | 11557 ||| READING 4 scrolls of teleportation.
 11558 | D:12     | 11558 ||| DRINKING 2 potions of heal wounds.
 11560 | D:12     | 11560 ||| DRINKING potion of heal wounds.
 11622 | D:12     | 11622 ||| INVOKING Heroism.
 11625 | D:12     | Killed a boulder beetle
 11654 | D:12     | 11654 ||| INVOKING Heroism.
 11660 | D:12     | Reached skill level 16 in Ranged Weapons
 11691 | D:12     | 11691 ||| INVOKING Heroism.
 11717 | D:12     | Reached XP level 12. HP: 106/106 MP: 13/15
 11738 | D:12     | 11738 ||| INVOKING Heroism.
 11748 | D:12     | Killed a boulder beetle
 11776 | D:12     | 11776 ||| UPGRADING to scarf of resistance.
 12029 | D:11     | 12029 ||| PLANNING LAIR
 12107 | Lair:1   | Entered Level 1 of the Lair of Beasts
 12113 | Lair:1   | 12113 ||| INVOKING Heroism.
 12113 | Lair:1   | HP: 21/106 [elephant (14)]
 12113 | Lair:1   | HP: 5/106 [cane toad (15)]
 12114 | Lair:1   | 12114 ||| READING 3 scrolls of teleportation.
 12115 | Lair:1   | HP: 1/106 [poisoned by a cane toad]
 12116 | Lair:1   | Reached skill level 6 in Invocations
 12116 | Lair:1   | Succumbed to a cane toad's poison

Levels and vault maps discovered:
D:1:      dpeg_arrival_simpleton_c, layout_basic,
          chequers_ecumenical_altar_grove, minmay_crystal_water,
          minmay_curled_crystal
D:2:      layout_loops_ring, uniq_sigmund
D:3:      layout_loops_corners, minitemple, portal_sewer_entry_b
D:4:      layout_basic, enter_ossuary_1
D:5:      kennysheep_six_static_rooms, layout_rooms, minmay_strange_pillars,
          kennysheep_generic_room_3
D:6:      layout_basic, lemuel_tele_altar, mainiacjoe_overflow_24_doors,
          grunt_tough_drop
D:7:      layout_loops_ring, old_standard_altar, minmay_temple_entry_ruins,
          hex_tiny
D:8:      layout_loops_corners, enter_bailey_7, serial_shops,
          nicolae_shop_industrial_runoff
D:9:      layout_basic, uniq_erica
D:10:     layout_basic, overflow_temple_1_default,
          kennysheep_orc_monster_closet_entryway
D:11:     layout_basic, david_lair_shrubbed, serial_shops,
          nicolae_take_the_stairs
D:12:     layout_loops_cross, serial_bayou, serial_bayou_pond_c,
          serial_bayou_lagoon_a, serial_bayou_pond_d, serial_bayou_pond_e,
          drop_trap
Temple:   nicolae_temple_figure_eight
Lair:1:   gammafunk_indiana_jones, layout_regular_city, basic_altar,
          serial_bayou_shore_a

Skill      XL: |  1  2  3  4  5  6  7  8  9 10 11 12 |
---------------+-------------------------------------+-----
Ranged Weapons | 3 6 8 10 12 13 16 | 16.0
Fighting       | 2 3 4 5 7 8 9 10 | 10.0
Armour         | 3 5 6 |  6.1
Dodging        | 3 4 6 7 8 |  8.1
Invocations    | 3 4 5 6 |  6.1
Spellcasting   | |  1.0
Hexes          | |  2.0

Action                     |  1- 3 |  4- 6 |  7- 9 | 10-12 || total
---------------------------+-------+-------+-------+-------++-------
   Fire: Sling             |    94 |   191 |    17 |       ||   302
         Arbalest          |       |       |   168 |   253 ||   421
 Invoke: Heroism           |       |       |     2 |    19 ||    21
    Use: Scroll            |     4 |    12 |     6 |     5 ||    27
         Potion            |     1 |     5 |     1 |     5 ||    12
 Armour: Robe              |     4 |       |       |       ||     4
         Leather armour    |     1 |    11 |     6 |       ||    18
         Ring mail         |       |       |    42 |     2 ||    44
         Acid dragon scale |       |       |       |    32 ||    32
         Troll leather arm |       |       |       |    18 ||    18
  Dodge: Dodged            |    25 |    39 |   107 |   192 ||   363

Table legend:
 A = Non-vault XP
 B = Vault XP
 C = Vault XP percentage of total XP
 D = Non-vault monster count
 E = Vault monster count
 F = Vault count percentage of total count
                 A         B        C        D         E       F
            +---------+---------+-------+---------+---------+-------
      Total |   20515 |    3981 |  16.3 |     249 |      65 |  20.7
            +---------+---------+-------+---------+---------+-------
        D:1 |      48 |       0 |   0.0 |      24 |       0 |   0.0
        D:2 |      48 |     231 |  82.8 |      20 |       1 |   4.8
        D:3 |      54 |      15 |  21.7 |      13 |       3 |  18.8
        D:4 |     307 |       0 |   0.0 |      22 |       0 |   0.0
        D:5 |     555 |     252 |  31.2 |      11 |       7 |  38.9
        D:6 |     584 |     372 |  38.9 |      11 |       5 |  31.2
        D:7 |    1016 |       0 |   0.0 |      28 |       0 |   0.0
        D:8 |    2752 |      44 |   1.6 |      24 |       4 |  14.3
        D:9 |    1112 |     839 |  43.0 |      25 |       1 |   3.8
       D:10 |    3457 |    1572 |  31.3 |      21 |      17 |  44.7
       D:11 |    4981 |     338 |   6.4 |      28 |       1 |   3.4
       D:12 |    4601 |       0 |   0.0 |      19 |       0 |   0.0
     Lair:1 |    1000 |       0 |   0.0 |       3 |       0 |   0.0
      Sewer |       0 |      41 | 100.0 |       0 |      16 | 100.0
    Ossuary |       0 |     277 | 100.0 |       0 |      10 | 100.0
            +---------+---------+-------+---------+---------+-------
